 Dungeon Crawl Stone Soup version 0.30.1-4-g462c640d31 (webtiles) character file.

Game seed: 7183332016643492490

747 Cwest1230 the Covert (level 7, -5/35 HPs)
             Began as a Spriggan Brigand on Sept 18, 2023.
             Slain by Grinder (7 damage)
             ... while paralysed by Grinder
             ... on level 4 of the Dungeon.
             The game lasted 00:09:29 (3979 turns).

Cwest1230 the Covert (Spriggan Brigand)             Turns: 3979, Time: 00:09:30

Health: -5/35      AC:  5    Str:  3 (7)  XL:     7   Next: 48%
Magic:  7/7        EV:  4    Int: 14 (18) God:
Gold:   201        SH:  0    Dex: 20 (25) Spells: 6/6 levels left

rFire   . . .        a - +2 dagger (venom)
rCold   . . .        (no shield)
rNeg    . . .        b - +0 robe
rPois   .            (helmet restricted)
rElec   .            c - +2 cloak
rCorr   .            (gloves unavailable)
SInv    +            (boots unavailable)
Will    +....        (no amulet)
Stlth   +++++        r - +6 ring of dexterity
HPRegen 0.25/turn    t - +6 ring of intelligence
MPRegen 0.10/turn

%: no passive effects
@: paralysed, unable to drink, very quick
A: very small, no large weapons, unfitting armour, see invisible, speed 3,
deterioration 1, low MP 1, inability to drink after injury 1, MP-powered wands
a: no special abilities


You were on level 4 of the Dungeon.
You visited 1 branch of the dungeon, and saw 4 of its levels.

You collected 201 gold pieces.

Inventory:

Hand Weapons
 a - a +2 dagger of venom (weapon)
 l - a +1 short sword of speed
 s - a +3 flail of protection
Missiles
 d - 16 poisoned darts (quivered)
 e - 6 curare-tipped darts
 n - a throwing net
Armour
 b - a +0 robe (worn)
 c - a +2 cloak (worn)
 g - a +0 barding
 q - the +2 ring mail of Vexation {rF+ rN+}
   (You found it on level 3 of the Dungeon)

   rF:        It protects you from fire.
   rN:        It protects you from negative energy.
 x - the +1 pair of gloves "Evo Kivos" {rElec}
   (You found it on level 3 of the Dungeon)

   rElec:     It insulates you from electricity.
Jewellery
 j - an amulet of faith
 m - a ring of ice
 r - a +6 ring of dexterity (left hand)
 t - a +6 ring of intelligence (right hand)
Scrolls
 f - 3 scrolls of magic mapping
 k - a scroll of noise
 v - a scroll of enchant weapon {unknown}
Potions
 h - a potion of might {unknown}
 i - a potion of heal wounds {unknown}
 o - a potion of curing {unknown}
 u - a potion of haste {unknown}


   Skills:
 + Level 2.6 Fighting
 + Level 5.1 Short Blades
 + Level 2.3 Throwing
 + Level 3.4 Dodging
 + Level 11.0 Stealth


You had 6 spell levels left.
You didn't know any spells.
Your spell library contained the following spells:

 Spells                   Type           Power      Damage    Failure   Level
 Freeze                   Ice            0%         1d3       28%         1
 Frozen Ramparts          Ice            0%         1d1       65%         3
 Hailstorm                Conj/Ice       0%         3d3       65%         3
 Volatile Blastmotes      Fire/Tloc      0%         2d10      65%         3
 Fulminant Prism          Conj/Hex       0%         3d5       96%         4
 Iskenderun's Mystic Bla  Conj/Tloc      0%         2d3       96%         4
 Lee's Rapid Deconstruct  Erth           0%         3d4*      100%        5


Dungeon Overview and Level Annotations

Branches:
Dungeon (4/15)
 Temple: D:4-7

Altars:

Annotations:
D:4 Grinder


Innate Abilities, Weirdness & Mutations

You are very small and have problems with some larger weapons.
You are too small for most types of armour.
You have supernaturally acute eyesight. (SInv)
You cover ground extremely quickly. (Speed+++)
Your body sometimes deteriorates upon taking damage.
Your magical capacity is low. (-10% MP)
You occasionally lose the ability to drink potions when taking damage.
You expend magic power (3 MP) to strengthen your wands.


Message History

Grinder is lightly wounded.
You hit Grinder.
Grinder is poisoned.
Grinder is moderately wounded.
Grinder hits you.
Your body deteriorates!
You feel dopey.
You writhe in agony.
You barely miss Grinder.
Grinder is moderately wounded.
Grinder hits you but does no damage.
You hit Grinder.
Grinder is moderately wounded.
Grinder hits you.
You writhe in agony.
You hit Grinder.
Grinder is moderately wounded.
You closely miss Grinder.
Grinder is moderately wounded.
Grinder closely misses you.
You hit Grinder but do no damage.
Grinder is heavily wounded.
Grinder closely misses you.
You hit Grinder but do no damage.
Grinder is heavily wounded.
Grinder hits you!
You feel threatened and lose the ability to drink potions!
You writhe in agony.
* * * LOW HITPOINT WARNING * * *
You closely miss Grinder.
Grinder is heavily wounded.
You hit Grinder.
Grinder is heavily wounded.
Grinder gestures at you.
You suddenly lose the ability to move!
Grinder completely misses you. Grinder hits you.
* * * LOW HITPOINT WARNING * * *
Your body deteriorates!
You feel clumsy.
You writhe in agony.
* * * LOW HITPOINT WARNING * * *
Grinder looks more healthy.
Grinder hits you!
You die...

#)# #...#[#.# #.
##.# #...#.#.# #.
..)#########...#.#.#
#.
###........#...#.#)#
..'))......#.[.#.#)#
###
.##........#...#.#.#
...
.#####.#####...#.#.#
### †# .#
###...#.#.# .# ..
......5@#.#
.#################.#
........†........#.#
################.#.#
#.#.# #.#.# #.#.#
#.#.# #.#.#


You could see Grinder.

Vanquished Creatures
  Sigmund (D:2)
  Edmund (D:4)
  Blork the orc (D:4)
  Crazy Yiuf (D:2)
  A gnoll bouda (D:4)
  A hound (D:3)
  Terence (D:2)
  An iguana (D:4)
  An orc wizard (D:3)
  13 gnolls (D:4)
  4 adders (D:2)
  2 worms (D:3)
  A dart slug (D:2)
  3 orcs (D:3)
  6 endoplasms
  2 giant cockroaches
  9 goblins
  5 hobgoblins
  3 jackals (D:2)
  5 kobolds
  4 quokkas
  7 ball pythons
  6 bats
  4 frilled lizards
  9 rats
92 creatures vanquished.

Notes
Turn   | Place    | Note
-------+----------+-------------------------------------------
     0 | D:1      | Cwest1230 the Spriggan Brigand began the quest for the Orb.
     0 | D:1      | Reached XP level 1. HP: 10/10 MP: 2/2
    25 | D:1      | Reached skill level 6 in Stealth
   340 | D:1      | Reached XP level 2. HP: 8/14 MP: 3/3
   995 | D:2      | Noticed Terence
  1021 | D:2      | Killed Terence
  1022 | D:2      | Reached skill level 7 in Stealth
  1022 | D:2      | Reached XP level 3. HP: 18/18 MP: 4/4
  1344 | D:2      | Noticed Sigmund
  1386 | D:2      | Reached XP level 4. HP: 15/23 MP: 5/5
  1405 | D:2      | Killed Sigmund
  1406 | D:2      | Reached skill level 8 in Stealth
  1406 | D:2      | Reached XP level 5. HP: 13/26 MP: 6/6
  1876 | D:2      | Reached XP level 6. HP: 26/30 MP: 7/7
  2032 | D:2      | Reached skill level 9 in Stealth
  2149 | D:2      | Found a runed translucent door.
  2150 | D:2      | Noticed Crazy Yiuf
  2157 | D:2      | Killed Crazy Yiuf
  2290 | D:3      | Identified the +2 ring mail of Vexation {rF+ rN+}
  3052 | D:3      | Identified the +1 pair of gloves "Evo Kivos" {rElec}
  3337 | D:4      | Noticed Edmund
  3339 | D:4      | Noticed Blork the orc
  3376 | D:4      | Killed Edmund
  3377 | D:4      | Reached skill level 10 in Stealth
  3509 | D:4      | Gained mutation: Your body sometimes deteriorates upon
                  | taking damage. [potion of mutation]
  3509 | D:4      | Gained mutation: You occasionally lose the ability to drink
                  | potions when taking damage. [potion of mutation]
  3509 | D:4      | Gained mutation: Your magical capacity is low. (-10% MP)
                  | [potion of mutation]
  3509 | D:4      | Gained mutation: You expend magic power (3 MP) to
                  | strengthen your wands. [potion of mutation]
  3526 | D:4      | Killed Blork the orc
  3527 | D:4      | Reached XP level 7. HP: 35/35 MP: 7/7
  3792 | D:4      | Reached skill level 5 in Short Blades
  3892 | D:4      | Reached skill level 11 in Stealth
  3960 | D:4      | Noticed Grinder
  3976 | D:4      | Paralysed by Grinder for 5 turns
  3978 | D:4      | HP: 1/35 [Grinder (2)]
  3979 | D:4      | Slain by Grinder

Illustrated notes

Levels and vault maps discovered:
D:1:      dpeg_arrival_leaves_temple_mockup, layout_basic
D:2:      layout_basic, roderic_lattice_a, kennysheep_generic_room_6,
          uniq_sigmund, uniq_terence, uniq_crazy_yiuf_cottage
D:3:      layout_basic, minmay_misc_feat_five
D:4:      layout_basic, beargit_hepliaklqana_dungeon_heroes, uniq_edmund,
          uniq_grinder, uniq_blork_the_orc

Skill      XL: |  1  2  3  4  5  6  7 |
---------------+----------------------+-----
Stealth        | 6 7 8 10 11 | 11.0
Fighting       | 2 |  2.6
Short Blades   | 3 4 5 |  5.1
Dodging        | 2 3 |  3.4
Throwing       | |  2.3

Action                     |  1- 3 |  4- 6 |  7- 9 || total
---------------------------+-------+-------+-------++-------
  Melee: Dagger            |    83 |   123 |    75 ||   281
         Punch             |       |     3 |     2 ||     5
  Throw: Dart              |     2 |     1 |       ||     3
    Use: Scroll            |     6 |     3 |       ||     9
         Potion            |       |     5 |       ||     5
   Stab: Sleeping          |     8 |    19 |     6 ||    33
 Armour: Robe              |    13 |    11 |     4 ||    28
  Dodge: Dodged            |    66 |    78 |    33 ||   177
